Cogmind - Beta 13 @@@ ROGUE MODE // 2024.05.04 @ 11:59:09 Player: monkeman Result: Destroyed by H-66 Slayer with Heavy Assault Rifle Performance ------------- Evolutions (5) 2500 Regions Visited (18) 3600 Robots Destroyed (119) 595 Value Destroyed (7054) 7054 Prototype IDs (39) 780 Alien Tech Used (0) 0 Bonus (4520) 4520 TOTAL SCORE: 19049 Bonus ------- High Alert Combat Kills 549 Follower Combat Kills 1620 Entered Garrisons 600 Used RIF Installer 1500 Aligned with FarCom 300 Met Data Miner 300 Friendly Fire -349 Cogmind --------- Core Integrity 0/1000 Matter 157/300 Energy 112/150 System Corruption 17% Temperature Cool (0) Movement Walking (260) Ox2 Location -5/Garrison Parts ------- > --- POWER (1) -------- Light Angular Momentum Engine > --- PROPULSION (3) --- Carbon-fiber Leg Carbon-fiber Leg Flexi-carbon Leg > --- UTILITY (10) ----- Advanced Heat Sink Advanced Heat Sink Huge Storage Unit Propulsion Shielding Propulsion Shielding Relay Coupler [Grunt] (23) Relay Coupler [Duelist] (30) Drone Bay (0/2) > --- WEAPON (3) ------- Heavy Laser Heavy Laser Heavy Laser > --- INVENTORY (25) --- Carbon-fiber Leg Relay Coupler [NC] (29) Relay Coupler [NC] (31) Relay Coupler [NC] (30) Relay Coupler [Swarmer] (42) Relay Coupler [Duelist] (30) Relay Coupler [Demolisher] (30) Relay Coupler [Specialist] (33) Relay Coupler [Proto] (15) Relay Coupler [Proto] (15) Relay Coupler [Proto] (15) Relay Coupler [Proto] (15) Heavy Ion Cannon Autogun Flak Gun Makeshift Shrapnel Gun Remote Datajack Power Sword Segregator Tesla Bomb Trap Tesla Bomb Trap Tesla Bomb Trap Tesla Bomb Trap Peak State ------------ > --- POWER ------------ Light Antimatter Reactor > --- PROPULSION ------- Spiked Medium Treads Armored Wheel Armored Wheel > --- UTILITY ---------- Huge Storage Unit Improved Medium Armor Plating Improved Shield Generator Point Defense System Army-in-a-Box > --- WEAPON ----------- Coil Gun Mass Driver Improved Remote Datajack > --- INVENTORY -------- Light Fission Core Compact Wheel Armored Wheel Hardened Medium Armor Plating Improved Light Armor Plating Improved Medium Armor Plating System Shield Relay Coupler [NC] Relay Coupler [NC] Relay Coupler [Swarmer] Drone Bay Wave Gun Heavy Ion Cannon Heavy Ion Cannon Flak Gun Makeshift Shrapnel Gun KE Penetrator Gauss Cannon Heavy Rocket Launcher Remote Datajack Power Sword [Rating: 109] Favorites ----------- Power Ion Engine Engine Ion Engine Power Core Light Fission Core Reactor Light Antimatter Reactor Propulsion Armored Wheel Treads Light Treads Leg Carbon-fiber Leg Wheel Armored Wheel Flight Unit Improved Surge Thruster Utility Huge Storage Unit Device Improved Terrain Scanner Storage Huge Storage Unit Processor Advanced Targeting Computer Hackware Relay Coupler [Sentry] Protection Improved Light Armor Plating Weapon Gauss Rifle Energy Gun Heavy Laser Energy Cannon Heavy Ion Cannon Ballistic Gun Gauss Rifle Ballistic Cannon Light Cannon Launcher Heavy Rocket Launcher Special Weapon Improved Remote Datajack Slashing Weapon Axe Special Melee Weapon Improved Datajack Build | -11 -10 -10 -10 -9 -8 -8 -8 -8 -7 -7 -7 -6 -6 -6 -6 -5 -5 -5 ------- Run | Yrd Mat Min Exi Min Mat Gar Mat Gar Fac Low Low Fac Low Low Dat Pro Fac Gar Slots Evolved 10 | . . . . . 4 . . . 2 . . 2 . . . . 2 . Power . | . . . . . . . . . . . . . . . . . . . Propulsion 1 | . . . . . . . . . . . . 1 . . . . . . Utility 8 | . . . . . 4 . . . 2 . . 1 . . . . 1 . Weapon 1 | . . . . . . . . . . . . . . . . . 1 . Parts Attached 195 | 7 7 . 1 2 15 5 1 9 48 8 11 5 4 1 . 7 19 45 Power 12 | 1 1 . . . 1 . . . 3 . . . . . . 2 1 3 Engine 8 | 1 1 . . . 1 . . . 2 . . . . . . . 1 2 Core 3 | . . . . . . . . . 1 . . . . . . 1 . 1 Reactor 1 | . . . . . . . . . . . . . . . . 1 . . Propulsion 32 | 2 2 . . 1 1 . . 1 6 2 1 1 . 1 . . 2 12 Treads 10 | 2 1 . . 1 . . . 1 2 . . . . 1 . . . 2 Leg 6 | . . . . . . . . . . . . . . . . . . 6 Wheel 15 | . 1 . . . 1 . . . 4 2 1 1 . . . . 2 3 Hover . | . . . . . . . . . . . . . . . . . . . Flight 1 | . . . . . . . . . . . . . . . . . . 1 Utility 82 | 2 1 . 1 1 8 3 1 2 17 4 5 3 3 . . 4 13 14 Device 38 | 1 . . 1 . 3 2 . . 6 1 3 3 3 . . 1 7 7 Storage 2 | 1 1 . . . . . . . . . . . . . . . . . Processor 8 | . . . . 1 3 . . . 3 1 . . . . . . . . Hackware 14 | . . . . . . . 1 1 5 . 1 . . . . . 3 3 Protection 20 | . . . . . 2 1 . 1 3 2 1 . . . . 3 3 4 Artifact . | . . . . . . . . . . . . . . . . . . . Weapon 69 | 2 3 . . . 5 2 . 6 22 2 5 1 1 . . 1 3 16 Energy Gun 7 | 2 . . . . . . . . . . . . . . . . . 5 Energy Cannon 9 | . . . . . . . . . 4 1 2 . 1 . . . . 1 Ballistic Gun 22 | . 1 . . . 3 1 . 3 8 . 1 . . . . . 1 4 Ballistic Cannon 6 | . 2 . . . 1 . . . 1 . . . . . . 1 . 1 Launcher 2 | . . . . . . . . . . . 1 . . . . . . 1 Special Weapon 9 | . . . . . . . . . 2 1 1 . . . . . 2 3 Impact Weapon . | . . . . . . . . . . . . . . . . . . . Slashing Weapon 7 | . . . . . 1 1 . 2 1 . . 1 . . . . . 1 Piercing Weapon . | . . . . . . . . . . . . . . . . . . . Special Melee Weapon 7 | . . . . . . . . 1 6 . . . . . . . . . Unidentified Prototypes 1 | . . . . . 1 . . . . . . . . . . . . . Parts Lost 64 | . . . . . 1 1 . 4 8 3 6 . . . . 2 14 25 Power 6 | . . . . . . . . . 1 . . . . . . 1 2 2 Propulsion 13 | . . . . . . . . 1 2 . 1 . . . . . 3 6 Utility 31 | . . . . . . 1 . 2 3 3 5 . . . . 1 7 9 Weapon 14 | . . . . . 1 . . 1 2 . . . . . . . 2 8 Highest Loss Streak 13 | . . . . . 1 1 . 2 5 3 5 . . . . 2 13 10 To Critical Strikes 1 | . . . . . . . . . 1 . . . . . . . . . Average Slot Usage (%) 85 | . 100 87 85 100 97 90 90 81 91 97 85 81 63 66 66 65 75 70 Engine 7 | . 14 14 14 14 9 9 9 9 4 7 7 6 6 6 6 . . 3 Treads 9 | . 26 28 28 28 9 9 9 5 4 . . . . 5 6 6 4 2 Wheel 8 | . 1 . . . 8 9 9 9 10 15 13 20 20 13 13 13 10 2 Device 12 | . 14 2 . . 9 17 18 13 15 14 13 21 17 20 20 13 16 10 Storage 8 | . 14 14 14 14 9 9 9 9 7 7 7 6 6 6 6 6 5 5 Processor 4 | . . . . 14 22 9 5 . 2 10 11 6 . . . . . . Hackware 6 | . . . . . . . 3 9 17 15 7 . . . . . 5 14 Protection 5 | . . . . . 10 9 9 8 7 9 6 6 . . . 5 6 4 Energy Cannon 2 | . . . . . . . . . 3 15 8 4 5 6 6 5 . . Ballistic Gun 7 | . 3 . . . 13 17 18 14 9 . 3 6 6 6 6 6 6 4 Ballistic Cannon 6 | . 17 28 28 28 3 . . . . . . . . . . . 5 2 Naked Turns . | . . . . . . . . . . . . . . . . . . . Heaviest Build 203 | 15 92 92 92 91 105 113 113 117 128 123 116 112 185 185 185 197 203 121 Greatest Support 50 | 40 40 40 40 43 43 10 10 23 24 24 24 36 36 36 24 24 28 50 Greatest Overweight (x) 35 | 2 5 2 2 2 10 11 11 11 12 5 9 3 5 7 7 8 14 35 Average Overweight (x) 6 | . 1 2 2 2 9 10 11 10 6 4 4 2 5 6 7 7 6 3 Largest Inventory Capacity 25 | 8 25 25 25 25 25 25 25 25 25 25 25 25 25 25 25 25 25 25 Average Capacity 24 | 7 21 25 25 25 25 25 25 25 25 25 25 25 25 25 25 25 25 25 Most Carried 25 | 4 11 15 20 25 25 25 25 25 25 25 25 25 25 23 23 23 25 25 Average Carried 21 | 2 8 14 17 21 24 24 24 24 23 24 24 24 20 22 23 20 20 21 Final Capacity 25 | 8 25 25 25 25 25 25 25 25 25 25 25 25 25 25 25 25 25 25 Final Carried 25 | 4 11 15 19 25 25 25 24 25 25 25 23 25 20 23 23 20 17 23 Class Distribution -------------------- 36% | Mutant 29% | Bothacker-Mutant 9% | Scavenger-Mutant 7% | Bothacker-Skirmisher 6% | Scavenger-Skirmisher 6% | Tank Dominant Class ---------------- Mutant | -10/Materials Mutant | -10/Mines Mutant | -10/Exiles Mutant | -9/Mines Scavenger-Skirmisher | -8/Materials Scavenger-Mutant | -8/Garrison Bothacker-Mutant | -8/Materials Bothacker-Mutant | -8/Garrison Bothacker-Mutant | -7/Factory Bothacker-Mutant | -7/Lower Caves Mutant | -7/Lower Caves Scavenger-Mutant | -6/Factory Mutant | -6/Lower Caves Mutant | -6/Lower Caves Mutant | -6/Data Miner Mutant | -5/Proximity Caves Tank | -5/Factory Bothacker-Skirmisher | -5/Garrison Resources | -11 -10 -10 -10 -9 -8 -8 -8 -8 -7 -7 -7 -6 -6 -6 -6 -5 -5 -5 ----------- Run | Yrd Mat Min Exi Min Mat Gar Mat Gar Fac Low Low Fac Low Low Dat Pro Fac Gar Matter Collected 4411 | 270 420 75 23 46 357 3 220 290 809 215 132 40 95 10 . 75 357 974 Remotely . | . . . . . . . . . . . . . . . . . . . Salvage Created 4691 | 120 315 . . 5 452 . 308 515 950 746 185 . 30 . . 21 301 743 Parts 265 | 5 31 . . . 38 . 19 27 69 15 12 . 2 . . . 14 33 Haulers Intercepted 7 | . . . . . 4 . 1 . 2 . . . . . . . . . Recyclers Shooed 4 | 1 1 . . . . . 1 . 1 . . . . . . . . . Parts Field Recycled . | . . . . . . . . . . . . . . . . . . . Retrieved Matter . | . . . . . . . . . . . . . . . . . . . Parts Self-Destructed 85 | . . . . . . . . . . 18 19 . 15 14 . 19 . . Prevented 4 | . . . . . . . . . . . . . 1 2 . 1 . . Kills | -11 -10 -10 -10 -9 -8 -8 -8 -8 -7 -7 -7 -6 -6 -6 -6 -5 -5 -5 ------- Run | Yrd Mat Min Exi Min Mat Gar Mat Gar Fac Low Low Fac Low Low Dat Pro Fac Gar Combat Hostiles Destroyed 91 | . 14 . . 1 5 . 2 11 15 10 6 . 1 . . 1 5 20 Guns 50 | . 5 . . . 4 . 2 11 11 . 1 . 1 . . . 3 12 Cannons 33 | . 9 . . 1 1 . . . 4 10 2 . . . . 1 2 3 AOE 7 | . . . . . . . . . . . 3 . . . . . . 4 Classes Destroyed 18 | 2 5 . . 1 3 . 1 . 2 2 . . . . . . . 2 Worker 4 | . . . . . 1 . 2 . . . . . . . . . 1 . Builder 4 | . 1 . . . . . . . 2 . . . . . . . 1 . Tunneler 1 | 1 . . . . . . . . . . . . . . . . . . Hauler 7 | . . . . . 4 . 1 . 2 . . . . . . . . . Recycler 4 | 1 1 . . . . . 1 . 1 . . . . . . . . . Operator 4 | . 1 . . . 1 . 1 . 1 . . . . . . . . . Drone 1 | . . . . . . . . . 1 . . . . . . . . . Watcher 5 | . 1 . . . 1 . . . 3 . . . . . . . . . Swarmer 27 | . 9 . . . 1 . 1 1 3 1 3 . 1 . . 1 1 5 Cutter 1 | . . . . . . . . . . . . . . . . . . 1 Saboteur 1 | . . . . . . . . . . . . . . . . . . 1 Grunt 36 | . 5 . . . 2 . . 7 4 6 2 . . . . . . 10 Brawler 2 | . . . . . . . . . . 1 1 . . . . . . . Duelist 1 | . . . . . . . . . . 1 . . . . . . . . Sentry 11 | . . . . . 2 . . 3 3 . . . . . . . 3 . Hunter 3 | . . . . . . . 1 . 1 . . . . . . . . 1 Programmer 8 | . . . . . . . . . 4 1 . . . . . . 1 2 Decomposer 1 | . . . . . . . . . . 1 . . . . . . . . Assembled 1 | . . . . 1 . . . . . . . . . . . . . . Best Kill Streak 7 | 2 4 . . 1 2 . 2 3 3 4 3 . 1 . . 1 3 7 Combat Bots Only 7 | . 3 . . 1 2 . 1 3 3 4 3 . 1 . . 1 2 7 Max Kills in Single Turn 3 | 1 1 . . 1 2 . 1 2 2 1 3 . 1 . . 1 2 3 Gunslinging 1 | . . . . . . . . 1 . . . . . . . . . . Exploded 3 | . . . . . . . . . . . 3 . . . . . . 3 Melee . | . . . . . . . . . . . . . . . . . . . Uniques/NPCs Destroyed . | . . . . . . . . . . . . . . . . . . . Combat | -11 -10 -10 -10 -9 -8 -8 -8 -8 -7 -7 -7 -6 -6 -6 -6 -5 -5 -5 -------- Run | Yrd Mat Min Exi Min Mat Gar Mat Gar Fac Low Low Fac Low Low Dat Pro Fac Gar Hostile Shots Fired 921 | . 96 5 . 3 30 . 2 60 152 55 14 2 15 1 . 44 198 244 Missed 249 | . 21 3 . 1 10 . 1 12 50 9 3 1 2 . . 17 50 69 Damage Taken 10404 | . 655 19 . 34 327 90 16 620 1246 802 252 11 193 19 . 240 2496 3384 Core 1658 | . 97 . . 19 45 30 . 64 193 120 15 . 62 . . 11 167 835 Absorbed by Shields 828 | . . . . . . . . 122 290 37 . 4 . . . 47 202 126 Redirected to Shielding 40 | . . . . . . . . . . . . . . . . . . 40 Regen/Repaired (Parts) 27 | . 27 . . . . . . . . . . . . . . . . . Core Remaining (%) 74 | 100 . . . 53 . . . 74 . . 53 . . . . 91 . . Volleys Fired 382 | 5 53 . . 2 34 7 16 28 61 35 13 . 4 2 . 4 39 79 Largest 3 | 2 2 . . 2 2 1 2 2 2 2 2 . 2 1 . 2 3 3 Hottest 207 | 100 100 . . 70 70 28 56 56 130 130 104 . 93 65 . 93 115 207 Shots Fired 680 | 10 97 . . 4 68 7 32 52 112 70 16 . 9 2 . 8 63 130 Gun 392 | 10 37 . . . 53 7 32 52 70 . 4 . 5 . . 4 24 94 Cannon 264 | . 60 . . 4 15 . . . 38 68 10 . 4 2 . 4 31 28 Launcher 4 | . . . . . . . . . . . 1 . . . . . . 3 Special 20 | . . . . . . . . . 4 2 1 . . . . . 8 5 Kinetic 447 | . 68 . . 4 68 7 32 52 70 . 4 . 5 . . 4 55 78 Thermal 209 | 10 29 . . . . . . . 38 68 10 . 4 2 . 4 . 44 Explosive 4 | . . . . . . . . . . . 1 . . . . . . 3 Electromagnetic . | . . . . . . . . . . . . . . . . . . . Robot Hit Streak 14 | 2 9 . . 2 5 . 5 10 7 12 8 . 2 . . 2 8 14 Robot Miss Streak 15 | 2 5 . . 6 4 . 4 3 8 3 3 . 5 . . 15 3 6 Penetration Max 1 | . . . . . 1 . 1 1 . . . . . . . . . . Secondary Targets 8 | . 1 . . . . . . 4 2 . . . . . . . . 1 Max Gunslinging Chain 1 | . 1 . . . . . . 1 1 . . . . . . . . 1 Shots Hit Robots 414 | 5 53 . . 2 40 1 18 35 84 49 10 . 4 . . 2 29 82 Core Hits 232 | 3 21 . . 2 23 . 9 18 56 20 9 . 3 . . 1 19 48 Critical Kills 3 | . . . . . . . 1 1 . . . . . . . . . 1 Critical Parts Destroyed 1 | . . . . . . . 1 . . . . . . . . . . . Critical Strikes 8 | . 1 . . . 1 . 2 1 . . . . . . . . 1 2 Burn 2 | . 1 . . . . . . . . . . . . . . . . 1 Destroy 4 | . . . . . . . 2 1 . . . . . . . . . 1 Blast 2 | . . . . . 1 . . . . . . . . . . . 1 . Melee Attacks 28 | . . . . . 2 7 . 6 9 . . 3 . . . . . 1 Impact . | . . . . . . . . . . . . . . . . . . . Slashing 19 | . . . . . 2 7 . 5 1 . . 3 . . . . . 1 Piercing . | . . . . . . . . . . . . . . . . . . . Sneak Attacks 4 | . . . . . . 1 . . 3 . . . . . . . . . Combat Hostiles 1 | . . . . . . 1 . . . . . . . . . . . . Follow-up Attacks . | . . . . . . . . . . . . . . . . . . . Damage Inflicted 9698 | 72 851 . . 32 714 70 461 753 1770 1316 471 . 79 . . 61 854 2194 Guns 4786 | 72 266 . . . 555 . 461 748 844 . 91 . 53 . . 6 420 1270 Cannons 4002 | . 585 . . 32 154 . . . 741 1316 163 . 26 . . 55 409 521 Explosions 805 | . . . . . . . . . 185 . 217 . . . . . . 403 Melee 70 | . . . . . . 70 . . . . . . . . . . . . Ramming 35 | . . . . . 5 . . 5 . . . . . . . . 25 . Kinetic 5550 | . 635 . . 32 709 . 461 748 844 . 91 . 53 . . 6 829 1142 Thermal 3423 | 72 216 . . . . . . . 926 1316 163 . 26 . . 55 . 649 Explosive 620 | . . . . . . . . . . . 217 . . . . . . 403 Electromagnetic . | . . . . . . . . . . . . . . . . . . . Impact . | . . . . . . . . . . . . . . . . . . . Slashing 70 | . . . . . . 70 . . . . . . . . . . . . Piercing . | . . . . . . . . . . . . . . . . . . . Highest Corruption 24 | . . . . . . . . . 4 10 24 1 1 . . . 5 17 Average Corruption 9 | . . . . . . . . . 3 9 17 1 1 . . . 4 13 Corruption Purged 3 | . . . . . . . . . . . 2 . 1 . . . . . Corruption Blocked . | . . . . . . . . . . . . . . . . . . . Effects 168 | . . . . . . . . . 25 54 11 . 3 . . . 2 73 Message Errors 29 | . . . . . . . . . 6 10 1 . . . . . . 12 Matter Fused 52 | . . . . . . . . . 6 22 . . . . . . 1 23 Heat Flow Errors 20 | . . . . . . . . . 3 5 2 . 1 . . . 1 8 Energy Discharges 15 | . . . . . . . . . 4 3 2 . . . . . . 6 Parts Rejected 3 | . . . . . . . . . . 2 1 . . . . . . . Parts Fused 2 | . . . . . . . . . . . . . 1 . . . . 1 Data Loss (minor) 25 | . . . . . . . . . 4 6 1 . . . . . . 14 Data Loss (major) 5 | . . . . . . . . . 1 1 1 . . . . . . 2 Misfires 10 | . . . . . . . . . 1 2 2 . 1 . . . . 4 Alerts 4 | . . . . . . . . . . 3 . . . . . . . 1 Misdirections 1 | . . . . . . . . . . . . . . . . . . 1 Weapon Failures 2 | . . . . . . . . . . . 1 . . . . . . 1 Overload Shots . | . . . . . . . . . . . . . . . . . . . Overflow Damage 387 | . 7 . . . . . . . 225 16 70 . . . . . 49 20 Projectiles 137 | . 7 . . . . . . . 45 16 . . . . . . 49 20 Explosions 250 | . . . . . . . . . 180 . 70 . . . . . . . Melee . | . . . . . . . . . . . . . . . . . . . Knockbacks 17 | . 9 . . . . . . . . . . . . . . . 1 7 Impact . | . . . . . . . . . . . . . . . . . . . Kinetic 17 | . 9 . . . . . . . . . . . . . . . 1 7 Secondary . | . . . . . . . . . . . . . . . . . . . Self-Inflicted Damage 408 | . . . . . . . . . 350 . . . . . . . 8 50 Shots 6 | . . . . . . . . . 4 . . . . . . . . 2 Rammed 5 | . . . . . 1 . . 2 . . . . . . . . 2 . Targets Rammed 5 | . . . . . 1 . . 2 . . . . . . . . 2 . Kicked . | . . . . . . . . . . . . . . . . . . . Crushed . | . . . . . . . . . . . . . . . . . . . Highest Temperature 390 | 119 390 . . 18 3 . . 56 181 158 228 . 220 . . 24 112 221 Average Temperature 71 | 52 93 . . 10 2 . . 20 48 75 123 . 134 . . 12 41 65 Received Heat Transfer 1978 | . 120 . . . 54 . 9 269 181 258 27 . . 9 . 6 229 816 Effects 6 | . 6 . . . . . . . . . . . . . . . . . Interference 3 | . 3 . . . . . . . . . . . . . . . . . Short Circuit 3 | . 3 . . . . . . . . . . . . . . . . . Siege Activations . | . . . . . . . . . . . . . . . . . . . Robots Corrupted . | . . . . . . . . . . . . . . . . . . . Combat Hostiles . | . . . . . . . . . . . . . . . . . . . Parts Fried 1 | . . . . . . . . . . . . . . . . . . 1 Impact Corruptions . | . . . . . . . . . . . . . . . . . . . Robots Melted 1 | . . . . . . . . . . . . . . . . . . 1 Combat Hostiles 1 | . . . . . . . . . . . . . . . . . . 1 Parts Melted 9 | 1 2 . . . . . . . 2 2 1 . . . . . . 1 Heat Transferred 5317 | 222 703 . . . . . . . 1099 1776 222 . 37 . . 74 . 1184 Parts Sabotaged 4 | . . . . . . . . . . . . . . . . . . 4 Parts Stolen . | . . . . . . . . . . . . . . . . . . . Parts Stripped . | . . . . . . . . . . . . . . . . . . . Power Chain Reactions . | . . . . . . . . . . . . . . . . . . . Alert | -11 -10 -10 -10 -9 -8 -8 -8 -8 -7 -7 -7 -6 -6 -6 -6 -5 -5 -5 ------- Run | Yrd Mat Min Exi Min Mat Gar Mat Gar Fac Low Low Fac Low Low Dat Pro Fac Gar Peak Influence 1495 | 10 275 83 . . 216 1495 1051 1288 718 . . 75 . . . . 627 733 Initial 728 | . 6 58 . . . 1 728 560 676 . . 56 . . . . 600 26 Average 408 | 2 117 55 . . 57 560 878 1001 558 . . 53 . . . . 387 384 Maximum Alert Level 4 | . 1 . . . 1 4 3 4 3 . . . . . . . 2 3 Low Security (%) 40 | 100 92 100 . 100 99 29 . . . . . 100 . . . . 2 18 Level 1 13 | . 7 . . . . 17 . . . . . . . . . . 64 46 Level 2 25 | . . . . . . 15 . 13 94 . . . . . . . 33 32 Level 3 12 | . . . . . . 23 100 37 5 . . . . . . . . 3 Level 4 7 | . . . . . . 13 . 48 . . . . . . . . . . Level 5 . | . . . . . . . . . . . . . . . . . . . High Security . | . . . . . . . . . . . . . . . . . . . Max Security . | . . . . . . . . . . . . . . . . . . . Squads Dispatched 19 | . 2 . . . 1 . 2 . 8 . . 2 . . . . 4 . Investigation 4 | . 1 . . . . . . . 2 . . 1 . . . . . . Extermination 4 | . . . . . . . . . 2 . . 1 . . . . 1 . Reinforcement 9 | . 1 . . . 1 . 2 . 4 . . . . . . . 1 . Assault . | . . . . . . . . . . . . . . . . . . . Garrison 2 | . . . . . . . . . . . . . . . . . 2 . Intercept . | . . . . . . . . . . . . . . . . . . . Searches Triggered 1 | . . . . . . . . . . . . . . . . . 1 . Construction Impeded 1 | . . . . . . . . . . . . . . . . . 1 . Haulers Reinforced . | . . . . . . . . . . . . . . . . . . . Active Scanning Responses . | . . . . . . . . . . . . . . . . . . . Cargo Convoy Interrupts . | . . . . . . . . . . . . . . . . . . . Stealth | -11 -10 -10 -10 -9 -8 -8 -8 -8 -7 -7 -7 -6 -6 -6 -6 -5 -5 -5 --------- Run | Yrd Mat Min Exi Min Mat Gar Mat Gar Fac Low Low Fac Low Low Dat Pro Fac Gar Distress Signals 6 | . . . . 1 2 . 2 . 1 . . . . . . . . . Communications Jammed . | . . . . . . . . . . . . . . . . . . . Distress Signals . | . . . . . . . . . . . . . . . . . . . Times Spotted 221 | . 22 3 . 1 18 . 14 21 46 15 6 1 3 9 . 11 18 33 Peak Tracking Total 11 | . 5 3 . 1 4 . 6 4 9 7 3 1 3 5 . 5 6 11 Tactical Retreats 8 | . . . . . 1 . . . 1 . . . . 2 . 2 . 2 Traps | -11 -10 -10 -10 -9 -8 -8 -8 -8 -7 -7 -7 -6 -6 -6 -6 -5 -5 -5 ------- Run | Yrd Mat Min Exi Min Mat Gar Mat Gar Fac Low Low Fac Low Low Dat Pro Fac Gar Traps Triggered 17 | . 1 . . . . 1 . 5 5 . . 1 . . . . . 4 Indirectly . | . . . . . . . . . . . . . . . . . . . Trap Hack Attempts . | . . . . . . . . . . . . . . . . . . . Triggered . | . . . . . . . . . . . . . . . . . . . Disarmed . | . . . . . . . . . . . . . . . . . . . Reprogrammed . | . . . . . . . . . . . . . . . . . . . Reused 5 | . . . . . . . . . . . . . . . . . . 5 Traps Extracted . | . . . . . . . . . . . . . . . . . . . Installed 6 | . . . . . . . . . . . . . . . . . . 6 Triggered 5 | . . . . . . . . . . . . . . . . . . 5 Most Traps Carried 7 | . . . . . . . . . . . . . . . . . . 7 Machines | -11 -10 -10 -10 -9 -8 -8 -8 -8 -7 -7 -7 -6 -6 -6 -6 -5 -5 -5 ---------- Run | Yrd Mat Min Exi Min Mat Gar Mat Gar Fac Low Low Fac Low Low Dat Pro Fac Gar Machines Disabled 29 | . . . . . 2 9 1 4 6 . . . . . . . . 7 Max in Single Turn 5 | . . . . . 1 1 1 1 5 . . . . . . . . 1 Garrison Relay 15 | . . . . . . 9 . 4 . . . . . . . . . 2 Machines Repaired . | . . . . . . . . . . . . . . . . . . . Machines Dismantled . | . . . . . . . . . . . . . . . . . . . Machines Sabotaged . | . . . . . . . . . . . . . . . . . . . Overloaded Fab Kills . | . . . . . . . . . . . . . . . . . . . Hacking | -11 -10 -10 -10 -9 -8 -8 -8 -8 -7 -7 -7 -6 -6 -6 -6 -5 -5 -5 --------- Run | Yrd Mat Min Exi Min Mat Gar Mat Gar Fac Low Low Fac Low Low Dat Pro Fac Gar Machines Accessed 44 | . 7 1 1 . 5 4 4 3 4 1 . 3 . 1 4 . 4 2 Terminals 28 | . 6 . . . 3 4 1 3 3 . . 3 . 1 . . 2 2 Fabricators 2 | . . . . . . . . . 1 . . . . . . . 1 . Repair Stations 1 | . 1 . . . . . . . . . . . . . . . . . Recycling Units 1 | . . . . . 1 . . . . . . . . . . . . . Scanalyzers 2 | . . . . . . . 2 . . . . . . . . . . . Garrison Access 3 | . . . . . 1 . 1 . . . . . . . . . 1 . Total Hacks 104 | . 20 1 1 . 11 7 7 6 4 1 . 3 . 1 30 . 10 2 Successful 66 | . 12 1 1 . 3 3 6 1 . 1 . 1 . 1 30 . 5 1 Failed 38 | . 8 . . . 8 4 1 5 4 . . 2 . . . . 5 1 Catastrophic 9 | . . . . . 1 2 . . 4 . . 1 . . . . . 1 Database Lockouts . | . . . . . . . . . . . . . . . . . . . Manual 14 | . 8 . 1 . 1 . 1 . 1 . . . . . . . 2 . Terminals 55 | . 17 . . . 7 7 2 6 3 . . 3 . 1 . . 7 2 Fabricators 3 | . . . . . . . . . 1 . . . . . . . 2 . Repair Stations 3 | . 3 . . . . . . . . . . . . . . . . . Recycling Units 1 | . . . . . 1 . . . . . . . . . . . . . Scanalyzers 4 | . . . . . . . 4 . . . . . . . . . . . Garrison Access 5 | . . . . . 3 . 1 . . . . . . . . . 1 . Terminal Hacks 55 | . 10 1 1 . 1 3 1 1 . 1 . 1 . 1 30 . 3 1 Record 12 | . . . . . . . . . . . . . . 1 11 . . . Part Schematic 12 | . 1 . . . . . . . . . . . . . 11 . . . Robot Schematic 5 | . . . . . . . . . . . . . . . 5 . . . Robot Analysis 5 | . 4 . . . . . . . . . . 1 . . . . . . Prototype ID Bank 7 | . 3 . . . 1 . . . . . . . . . 3 . . . Open Door 3 | . . 1 . . . . . 1 . 1 . . . . . . . . Emergency Access Points 1 | . . . . . . 1 . . . . . . . . . . . . Locate Traps 4 | . 1 . . . . . 1 . . . . . . . . . 2 . Hauler Manifests 2 | . 1 . . . . . . . . . . . . . . . 1 . Garrison Registry 1 | . . . . . . . . . . . . . . . . . . 1 Patrol Navigation 1 | . . . . . . 1 . . . . . . . . . . . . Security Stations 1 | . . . . . . 1 . . . . . . . . . . . . Derelict Proto ID Bank 1 | . . . 1 . . . . . . . . . . . . . . . Fabricator Hacks 1 | . . . . . . . . . . . . . . . . . 1 . Load Schematic 1 | . . . . . . . . . . . . . . . . . 1 . Repair Station Hacks 2 | . 2 . . . . . . . . . . . . . . . . . Scan Component 1 | . 1 . . . . . . . . . . . . . . . . . Repair 1 | . 1 . . . . . . . . . . . . . . . . . Recycling Unit Hacks 1 | . . . . . 1 . . . . . . . . . . . . . Report Inventory 1 | . . . . . 1 . . . . . . . . . . . . . Scanalyzer 4 | . . . . . . . 4 . . . . . . . . . . . Insert Component 2 | . . . . . . . 2 . . . . . . . . . . . Analyze 2 | . . . . . . . 2 . . . . . . . . . . . Garrison Access Hacks 3 | . . . . . 1 . 1 . . . . . . . . . 1 . Unlock Access 3 | . . . . . 1 . 1 . . . . . . . . . 1 . Unauthorized Hacks . | . . . . . . . . . . . . . . . . . . . Terminals . | . . . . . . . . . . . . . . . . . . . Fabricators . | . . . . . . . . . . . . . . . . . . . Repair Stations . | . . . . . . . . . . . . . . . . . . . Recycling Units . | . . . . . . . . . . . . . . . . . . . Scanalyzers . | . . . . . . . . . . . . . . . . . . . Garrison Access . | . . . . . . . . . . . . . . . . . . . Data Cores Recovered . | . . . . . . . . . . . . . . . . . . . Used . | . . . . . . . . . . . . . . . . . . . Hacking Detections 30 | . 7 . . . 4 4 3 2 4 . . 2 . . . . 3 1 Full Trace Events 2 | . . . . . . 2 . . . . . . . . . . . . Feedback Events . | . . . . . . . . . . . . . . . . . . . Feedback Blocked . | . . . . . . . . . . . . . . . . . . . Robot Schematics Acquired 5 | . . . . . . . . . . . . . . . 5 . . . Robots Built . | . . . . . . . . . . . . . . . . . . . Authchips . | . . . . . . . . . . . . . . . . . . . Time . | . . . . . . . . . . . . . . . . . . . Total Robot Build Rating . | . . . . . . . . . . . . . . . . . . . Part Schematics Acquired 14 | . 1 . . . . . 2 . . . . . . . 11 . . . Parts Built . | . . . . . . . . . . . . . . . . . . . Authchips . | . . . . . . . . . . . . . . . . . . . Time . | . . . . . . . . . . . . . . . . . . . Total Part Build Rating . | . . . . . . . . . . . . . . . . . . . Parts Repaired 1 | . 1 . . . . . . . . . . . . . . . . . Time 36 | . 36 . . . . . . . . . . . . . . . . . Parts Recycled . | . . . . . . . . . . . . . . . . . . . Recycled Matter . | . . . . . . . . . . . . . . . . . . . Retrieved Matter . | . . . . . . . . . . . . . . . . . . . Retrieved Components . | . . . . . . . . . . . . . . . . . . . Parts Scanalyzed 2 | . . . . . . . 2 . . . . . . . . . . . Part Schematics Acquired 2 | . . . . . . . 2 . . . . . . . . . . . Parts Damaged . | . . . . . . . . . . . . . . . . . . . Bothacking | -11 -10 -10 -10 -9 -8 -8 -8 -8 -7 -7 -7 -6 -6 -6 -6 -5 -5 -5 ------------ Run | Yrd Mat Min Exi Min Mat Gar Mat Gar Fac Low Low Fac Low Low Dat Pro Fac Gar Used RIF Installer 3 | . . . . . . 1 . 2 . . . . . . . . . . Coupler Efficiency 1 | . . . . . . . . 1 . . . . . . . . . . Zone Cloak 1 | . . . . . . . . 1 . . . . . . . . . . Robots Hacked 21 | . . . . . . . . 1 9 2 1 . . . . . 5 3 Non-combat 2 | . . . . . . . . . 1 . . . . . . . 1 . Combat 19 | . . . . . . . . 1 8 2 1 . . . . . 4 3 Robot Hacks Applied 24 | . . . . . . . . 1 11 2 1 . . . . . 6 3 parse_system 2 | . . . . . . . . . 2 . . . . . . . . . no_distress 1 | . . . . . . . . . 1 . . . . . . . . . disrupt_area 1 | . . . . . . . . . . . . . . . . . 1 . spike_heat 1 | . . . . . . . . . 1 . . . . . . . . . overload_power 1 | . . . . . . . . . . . . . . . . . 1 . go_dormant 1 | . . . . . . . . . 1 . . . . . . . . . overwrite_iff 13 | . . . . . . . . 1 2 2 1 . . . . . 4 3 streamctrl_high 2 | . . . . . . . . . 2 . . . . . . . . . formatsys_high 2 | . . . . . . . . . 2 . . . . . . . . . Relay Couplers Released 58 | . . . . . . 32 . 16 . . . . . . . . . 10 Machine Destruction 55 | . . . . . . 32 . 16 . . . . . . . . . 7 Programmers 3 | . . . . . . . . . . . . . . . . . . 3 Attached 11 | . . . . . . . . 1 4 . 1 . . . . . 2 3 Fabnet Peak Effective % . | . . . . . . . . . . . . . . . . . . . Robots Rewired 9 | . . . . . . 7 . . . 2 . . . . . . . . Allies Hacked 1 | . . . . . . . . . . . . . . . . . 1 . Hacks Repelled . | . . . . . . . . . . . . . . . . . . . Allies | -11 -10 -10 -10 -9 -8 -8 -8 -8 -7 -7 -7 -6 -6 -6 -6 -5 -5 -5 -------- Run | Yrd Mat Min Exi Min Mat Gar Mat Gar Fac Low Low Fac Low Low Dat Pro Fac Gar Total Allies 31 | . . 2 . 3 . 7 . 2 6 4 1 . . . . . 3 3 Largest Group 6 | . . 2 2 3 3 6 6 4 1 2 1 . . . . . 2 2 Highest-Rated Group 88 | . . 42 42 40 40 82 82 88 32 36 16 . . . . . 24 58 Highest-Rated Ally 32 | . . 31 31 16 16 21 21 31 32 20 16 . . . . . 12 29 Total Orders 24 | . . . . . . . . 1 3 . . . 5 8 . 7 . . ROAM 2 | . . . . . . . . 1 . . . . 1 . . . . . FOLLOW 3 | . . . . . . . . . . . . . . 2 . 1 . . EXPLORE 7 | . . . . . . . . . 3 . . . . 2 . 2 . . RETURN 12 | . . . . . . . . . . . . . 4 4 . 4 . . Ally Attacks 452 | . . 12 . 10 31 . 52 40 13 12 3 . 58 82 . 83 46 10 Total Damage 7200 | . . 124 . 83 325 . 925 934 341 226 29 . 585 1184 . 1635 711 98 Kills 80 | . . 4 . 1 7 . 13 10 2 3 . . 8 13 . 16 3 . Allies Corrupted 2 | . . . . . . . . . . . . . . . . 2 . . Allies Melted . | . . . . . . . . . . . . . . . . . . . Intel | -11 -10 -10 -10 -9 -8 -8 -8 -8 -7 -7 -7 -6 -6 -6 -6 -5 -5 -5 ------- Run | Yrd Mat Min Exi Min Mat Gar Mat Gar Fac Low Low Fac Low Low Dat Pro Fac Gar Robot Analysis Total 5 | . 4 . . . . . . . . . . 1 . . . . . . Derelict Logs Recovered 8 | . . 1 . 1 . . . . . 1 . . 1 2 . 2 . . Drone Launches 77 | . . . . . . . . 1 15 . . . 16 18 . 20 5 2 Drone Recoveries 29 | . . . . . . . . . . . . . 14 7 . 8 . . Exploration | -11 -10 -10 -10 -9 -8 -8 -8 -8 -7 -7 -7 -6 -6 -6 -6 -5 -5 -5 ------------- Run | Yrd Mat Min Exi Min Mat Gar Mat Gar Fac Low Low Fac Low Low Dat Pro Fac Gar Turns Passed 19940 | 94 1113 983 758 1297 1240 1941 551 1642 2431 1674 217 434 426 713 162 1203 1201 1860 Spaces Moved 8142 | 44 365 307 237 401 478 752 203 554 1033 999 107 305 245 364 84 578 492 594 Core 13 | 10 . . . . . . . . . . . . . . . . . 3 Treads 1440 | 34 303 307 237 401 9 . . 51 . . . . . . . . 1 97 Legs 283 | . . . . . . . . . . . . . . . . . . 283 Wheels 6405 | . 62 . . . 469 752 203 503 1033 999 107 305 245 364 84 578 491 210 Hover . | . . . . . . . . . . . . . . . . . . . Flight 1 | . . . . . . . . . . . . . . . . . . 1 Fastest Speed 50 | 50 160 320 320 320 215 215 245 245 150 150 135 120 165 165 195 195 135 135 Average Speed 219 | 149 251 320 320 320 219 242 245 272 184 154 158 133 165 191 195 203 191 259 Slowest Speed 1800 | 160 320 320 320 320 320 245 245 545 260 165 225 135 165 195 195 210 560 1800 Overloaded Moves . | . . . . . . . . . . . . . . . . . . . Propulsion Burnouts . | . . . . . . . . . . . . . . . . . . . Robots Hopped . | . . . . . . . . . . . . . . . . . . . Cave-ins Triggered . | . . . . . . . . . . . . . . . . . . . Exploration Rate (%) 56 | 4 59 76 63 88 45 87 27 77 32 88 22 8 87 91 73 90 11 54 Regions Visited 18 Branch Regions 9 Pre-discovered Areas 4 | . . 1 . . . . . . . 1 . . . 1 1 . . . Known Exits Taken 6 | . . . . . 1 . 1 . 1 1 . . . 1 . . 1 . Unknown Exits Taken 10 | 1 1 1 1 1 . . . . . . 1 1 1 . 1 1 . . Scrap Searched 10 | . . 1 . 2 . . . . . 2 1 . . 2 . 2 . . Spaces Dug 24 | . . . . . 2 . . . 1 . . 3 . 1 . . 17 . Terrain Destroyed 120 | . . . . . 2 . . 2 41 5 7 3 1 1 . . 30 28 Melee 6 | . . . . . 2 . . . 1 . . 3 . . . . . . Projectile 52 | . . . . . . . . 1 3 5 2 . 1 1 . . 30 9 AOE 61 | . . . . . . . . . 37 . 5 . . . . . . 19 Terrain Rammed . | . . . . . . . . . . . . . . . . . . . Walls Destroyed . | . . . . . . . . . . . . . . . . . . . Machines Disabled . | . . . . . . . . . . . . . . . . . . . Actions | -11 -10 -10 -10 -9 -8 -8 -8 -8 -7 -7 -7 -6 -6 -6 -6 -5 -5 -5 --------- Run | Yrd Mat Min Exi Min Mat Gar Mat Gar Fac Low Low Fac Low Low Dat Pro Fac Gar Total 9568 | 59 463 310 239 412 599 865 228 620 1441 1059 137 326 260 377 83 601 691 798 Wait 501 | . 29 . . 3 34 . . 10 247 10 4 8 . 8 . 4 130 14 Move 8127 | 43 364 306 236 400 478 751 203 553 1032 998 106 304 244 363 83 577 492 594 Hop . | . . . . . . . . . . . . . . . . . . . Pick Up 142 | 4 8 3 1 5 17 15 4 5 24 1 2 4 3 2 . 3 5 36 Fast Attach 55 | 7 1 . . . 3 . . . 10 5 2 2 . 1 . 2 6 16 Attach 71 | . 1 . 1 . 5 2 . 4 12 . 4 2 2 . . 4 10 24 Detach 7 | . . . . . 2 1 . . 1 . . 1 . 1 . . . 1 Swap 69 | . 5 . . 2 7 3 1 5 26 3 5 1 2 . . 1 3 5 Drop 84 | . 2 1 1 . 16 14 4 1 18 1 1 1 5 . . 6 4 9 Fire 382 | 5 53 . . 2 34 7 16 28 61 35 13 . 4 2 . 4 39 79 Melee 28 | . . . . . 2 7 . 6 9 . . 3 . . . . . 1 Ram 1 | . . . . . . . . . . . . . . . . . 1 . Kick . | . . . . . . . . . . . . . . . . . . . Crush 4 | . . . . . 1 . . 2 . . . . . . . . 1 . Escape Stasis 19 | . . . . . . . . 6 . . . . . . . . . 13 Rewire 72 | . . . . . . 65 . . 1 6 . . . . . . . . Trap 6 | . . . . . . . . . . . . . . . . . . 6 Miscellaneous . | . . . . . . . . . . . . . . . . . . . Route ------- -11/Scrapyard -10/Materials (discovered 3 exits: [*Mat x2] / *Min) -10/Mines (discovered 2 exits: [*Mat] / *Exi) -10/Exiles -9/Mines -8/Materials (discovered 2 exits: *Fac / Gar) -8/Garrison (discovered 3 exits: *Mat x3) -8/Materials (discovered 2 exits: *Fac / Gar) -8/Garrison (discovered 3 exits: *Fac x3) -7/Factory (discovered 2 exits: *Fac / *Low) -7/Lower Caves -7/Lower Caves -6/Factory -6/Lower Caves -6/Lower Caves (discovered 2 exits: *Fac / *Dat) -6/Data Miner -5/Proximity Caves -5/Factory -5/Garrison (discovered 4 exits: [*Fac x4]) History --------- Turn | Location | Event 12 | -11/Scrapyard | Discovered new exit (range 15) 95 | -11/Scrapyard | Entered Materials 307 | -10/Materials | Build established: Mutant 310 | -10/Materials | Discovered new exit (range 7) 459 | -10/Materials | Repaired Broken Lgt. Treads 632 | -10/Materials | Discovered new exit (range 11) 800 | -10/Materials | Discovered new exit (range 16) 1208 | -10/Materials | Entered Mines 1295 | -10/Mines | Deemed a non-threat by the Exiles lab entrance 1295 | -10/Mines | Discovered new exit (range 5) 1340 | -10/Mines | Learned location of Zion (-7) 1360 | -10/Mines | Found the Drone Emporium 1375 | -10/Mines | Found Prototype Device 1830 | -10/Mines | Discovered new exit (range 14) 2191 | -10/Mines | Entered Exiles 2191 | -10/Exiles | Accompanied by 2 allies 2221 | -10/Exiles | Led the pair of lost Derelicts to a safe place 2275 | -10/Exiles | Met 8R-AWN 2330 | -10/Exiles | Met EX-HEX 2422 | -10/Exiles | Met EX-BIN 2458 | -10/Exiles | Aligned with FarCom system 2461 | -10/Exiles | Given EX-Vault access code 2538 | -10/Exiles | Opened EX-Vault 2563 | -10/Exiles | Found Army-in-a-Box 2631 | -10/Exiles | Warned to stay clear of 0b10 Research branches 2724 | -10/Exiles | Met EX-DEC 2923 | -10/Exiles | Discovered new exit (range 10) 2949 | -10/Exiles | Left Exiles lab with Army-in-a-Box 2949 | -10/Exiles | Entered Mines 2950 | -9/Mines | Assembled infested the area 2955 | -9/Mines | Assisted by a Guerilla fighting off Assembled 3042 | -9/Mines | Learned Materials terminal intel 3068 | -9/Mines | Found a damaged Exp. Sensor Array with a note attached 3074 | -9/Mines | Found Prototype Device 3337 | -9/Mines | Assisted by bots powering up and referring to "LRC-V3" 4234 | -9/Mines | Discovered new exit (range 4) 4246 | -9/Mines | Entered Materials 4246 | -8/Materials | Accompanied by 3 allies 4246 | -8/Materials | Evolved 4 slots: Utility x4 4247 | -8/Materials | Loaded intel: 12 terminal locations 4248 | -8/Materials | Identified Decoy Drone Bay 4622 | -8/Materials | Discovered new exit (range 8) 4708 | -8/Materials | Build established: Scavenger-Skirmisher 5485 | -8/Materials | Identified exit to Garrison 5486 | -8/Materials | Entered Garrison 5486 | -8/Garrison | Discovered recently destroyed garrison 5640 | -8/Garrison | Garrison Relay disabled 5794 | -8/Garrison | Build established: Scavenger-Mutant 5942 | -8/Garrison | Garrison Relay disabled 6023 | -8/Garrison | Discovered new exit (range 11) 6507 | -8/Garrison | Discovered new exit (range 10) 6624 | -8/Garrison | Garrison Relay disabled 6878 | -8/Garrison | Garrison Relay disabled 6898 | -8/Garrison | Learned Materials security intel 7144 | -8/Garrison | Garrison Relay disabled 7172 | -8/Garrison | Installed Relay Interface Framework 7241 | -8/Garrison | Discovered new exit (range 12) 7302 | -8/Garrison | Garrison Relay disabled 7348 | -8/Garrison | Garrison Relay disabled 7363 | -8/Garrison | Garrison Relay disabled 7376 | -8/Garrison | Garrison Relay disabled 7427 | -8/Garrison | Entered Materials 7427 | -8/Materials | Accompanied by 6 allies 7497 | -8/Materials | Build established: Bothacker-Mutant 7598 | -8/Materials | Lost 3 allies 7815 | -8/Materials | Discovered new exit (range 8) 7978 | -8/Materials | Identified exit to Garrison 7978 | -8/Materials | Entered Garrison 7978 | -8/Garrison | Accompanied by 3 allies 8038 | -8/Garrison | Triggered checkpoint 8067 | -8/Garrison | Garrison Relay disabled 8193 | -8/Garrison | Triggered checkpoint 8206 | -8/Garrison | Triggered checkpoint 8310 | -8/Garrison | Discovered new exit (range 12) 8332 | -8/Garrison | Rescued a captive Derelict 8432 | -8/Garrison | Triggered checkpoint 8487 | -8/Garrison | Garrison Relay disabled 8590 | -8/Garrison | Triggered checkpoint 8694 | -8/Garrison | Discovered new exit (range 10) 8757 | -8/Garrison | Expanded RIF knowledge: Coupler Efficiency 8821 | -8/Garrison | Garrison Relay disabled 8903 | -8/Garrison | Expanded RIF knowledge: Zone Cloak 9260 | -8/Garrison | Discovered new exit (range 10) 9314 | -8/Garrison | Triggered checkpoint 9428 | -8/Garrison | Garrison Relay disabled 9620 | -8/Garrison | Entered Factory 9620 | -7/Factory | Accompanied by 1 ally 9620 | -7/Factory | Evolved 2 slots: Utility x2 9799 | -7/Factory | Discovered new exit (range 8) 9812 | -7/Factory | Discovered new exit (range 68) 9922 | -7/Factory | Build established: Scavenger-Skirmisher 10332 | -7/Factory | Build established: Bothacker-Skirmisher 10495 | -7/Factory | Lost 3 parts (1n2u) 10788 | -7/Factory | Lost 5 parts (1p1n1u2w) 11043 | -7/Factory | Build established: Bothacker-Mutant 12050 | -7/Factory | Identified exit to Lower Caves 12051 | -7/Factory | Entered Lower Caves 12172 | -7/Lower Caves | Attracted the attention of an 0b10 outpost 12187 | -7/Lower Caves | System corruption reached 10% 12217 | -7/Lower Caves | Lost 3 parts (3u) 13213 | -7/Lower Caves | Learned location of Extension (-5) 13584 | -7/Lower Caves | Discovered new exit (range 13) 13722 | -7/Lower Caves | Identified exit to Lower Caves 13725 | -7/Lower Caves | Entered another Lower Caves area 13863 | -7/Lower Caves | Lost 5 parts (5u) 13921 | -7/Lower Caves | Discovered new exit (range 15) 13942 | -7/Lower Caves | Entered Factory 13942 | -6/Factory | Evolved 2 slots: Propulsion x1, Utility x1 14248 | -6/Factory | Build established: Scavenger-Mutant 14350 | -6/Factory | Discovered new exit (range 11) 14376 | -6/Factory | Entered Lower Caves 14402 | -6/Lower Caves | Encountered a Warlord checkpoint 14556 | -6/Lower Caves | Discovered new exit (range 85) 14659 | -6/Lower Caves | Build established: Mutant 14802 | -6/Lower Caves | Entered another Lower Caves area 14806 | -6/Lower Caves | Discovered new exit (range 13) 15061 | -6/Lower Caves | Lost 5 allies 15251 | -6/Lower Caves | Identified exit to Data Miner 15515 | -6/Lower Caves | Entered Data Miner 15515 | -6/Data Miner | Discovered new exit (range 6) 15553 | -6/Data Miner | Met Data Miner 15599 | -6/Data Miner | Learned location of Section 7 (-2) 15599 | -6/Data Miner | Acquired the access code to Warlord's prototype stash 15632 | -6/Data Miner | Received God Mode back door access code from Data Miner 15677 | -6/Data Miner | Entered Proximity Caves 15792 | -5/Proximity Caves | Spotter reported a threat 15795 | -5/Proximity Caves | Spotted B-75 Beast 15950 | -5/Proximity Caves | Spotter reported a threat 15998 | -5/Proximity Caves | Learned Factory non-interactive machine intel 16053 | -5/Proximity Caves | Learned location of 1 exit from Upper Caves 16079 | -5/Proximity Caves | Spotter reported a threat 16231 | -5/Proximity Caves | Lost 4 allies 16307 | -5/Proximity Caves | Spotter reported a threat 16740 | -5/Proximity Caves | Discovered new exit (range 42) 16829 | -5/Proximity Caves | Lost 6 allies 16880 | -5/Proximity Caves | Entered Factory 16880 | -5/Factory | Evolved 2 slots: Utility x1, Weapon x1 16881 | -5/Factory | Loaded intel: 218 non-interactive machine locations 17180 | -5/Factory | Search patrols dispatched 17217 | -5/Factory | Build established: Tank 17957 | -5/Factory | Garrison activated, responded to threat 18081 | -5/Factory | Identified exit to Garrison 18081 | -5/Factory | Entered Garrison 18101 | -5/Garrison | Lost 6 allies 18110 | -5/Garrison | Lost 13 parts (2p3n6u2w) 18253 | -5/Garrison | Triggered checkpoint 18272 | -5/Garrison | Garrison Relay disabled 18523 | -5/Garrison | System corruption reached 10% 18581 | -5/Garrison | Destroyed 7 combat bots 18581 | -5/Garrison | Lost 10 parts (1p2n3u4w) 18642 | -5/Garrison | Found Relay Coupler [Proto] 18647 | -5/Garrison | Found Relay Coupler [Proto] 18652 | -5/Garrison | Found Relay Coupler [Proto] 18657 | -5/Garrison | Found Relay Coupler [Proto] 18832 | -5/Garrison | Build established: Bothacker-Mutant 18969 | -5/Garrison | Triggered checkpoint 18989 | -5/Garrison | Core integrity fell below 50% 18997 | -5/Garrison | Triggered checkpoint 19049 | -5/Garrison | Core integrity fell below 20% 19100 | -5/Garrison | Lost 10 parts (1p2n3u4w) 19260 | -5/Garrison | Discovered new exit (range 12) 19332 | -5/Garrison | Build established: Bothacker-Skirmisher 19469 | -5/Garrison | Triggered checkpoint 19501 | -5/Garrison | Discovered new exit (range 18) 19501 | -5/Garrison | Discovered new exit (range 64) 19501 | -5/Garrison | Discovered new exit (range 68) 19501 | -5/Garrison | Discovered new exit (range 60) 19527 | -5/Garrison | Garrison Relay disabled 19653 | -5/Garrison | Triggered checkpoint 19909 | -5/Garrison | Triggered checkpoint 19941 | -5/Garrison | Destroyed by H-66 Slayer with Heavy Assault Rifle Last Messages --------------- 19911_ Penetrated by Slug. 19911_ Slug penetrates Wall. 19911_ Penetrated by Slug. 19914_ Relay Coupler [NC] destroyed. 19914_ Slug penetrates Wall. 19918_ Penetrated by Slug. 19918_ Slug penetrates Wall. 19933_ C691#UG3U%WJM5FOJXOZRBM X0 E 19934_ Slug penetrates Wall. 19935_ Imp. Trap Scanner destroyed. 19935_ Penetrated by Slug. 19936_ Targeting Computer fried. 19936_ H-66 Slayer destroyed. 19936_ Switching to secondary target: H-66 Slayer. 19937_ Drone released from Drone Bay. 19938_ Penetrated by Slug. 19938_ Drone destroyed. 19938_ Penetrated by Slug. 19941_ Drone destroyed. Map ----- +----------------------------------------------------+ | ?????????????????????????#" "#???????## ###?????? | | ?????????????????????????#" "#????????## #???????? | | ?????????????????????????#" "#?????????# #???????? | | ###################??????# #?????????# #?####### | | #??????## ##?????????# #?# # | | #???????# #?????###### ###"""""# | | #### < ######### #???????# ####??# ^ | | ???# #???????# #???????# #"#??## ######+#### | | ???#####???????# #???????# "#??#"""""#???# #??# | | ???????????????# #???????# "#??#######???# #??# | | #########??????# #???????# "#????????????# #??# | | """"""""#??????# #???????# #"#????????????# #### | | !!!!!"""#??????# #?????### ###????????????# + | | ""#??????# #?????# #??????????????# ## | | !"#??????# #?????# #??????????????# ## | | !"#??????# #?????# " #??????????????# ## | | !"#??????# #?????###%"#??????????????# ## | | !"#??????# #???????#" #??????????????# ## | | ""#??????# #???????# #???????######## ## | | !!!!!"""#??????# #???????# #???????# + | | """"""""#??????# #???????# #???????# ######### | | #########??????# #???????# #######?# #???????# | | ???????????????# #???????# ##g gg#?# #???????# | | ???????????????# #??????##= ##""""###+##??????# | | ################ ########%h= ^ ######## | | + @[[ ^ | | ; %% ^^^ ^ | | ########################## ^^## ## ########## | | ???????????????????????### ## ## ###??????? | | ???????????????????????#[ #??????? | | ???????????????????????# #??????? | | ???????????????????????# #??????? | | ???????????????????????# ###????? | | ???????????????????????### ## ## ### ##???? | | ???????????????########### ## ## ## ##### | | ???????????????# | | ???????????????# = | | ???????????????# ###+#### [ = | | ???????????????# #?# #??## ## ### # / ## | | ???????????????# #?# #???# ## + + | | ???????????????# #?# #???# ################### | | ???????????????# ### ##### #??????????????#### | | ???????????????# ## + #??????????##??# # | | ???????????????# ## ###### #?????????## ### # | | ??????########## ##+###### #???????### # | | ??????# #?????### ### = # # | | ??????# = #?????#"" # #### | | ??????# ####### ###+######+##?????#" # = ## | | ??????# #?????# #?# #????# #??????#" ^# | | ??????# #?????# #?# #????# #??????#" ##* * | +----------------------------------------------------+ Best States ------------- Heat Dissipation 80 Energy Generation 21 Energy Capacity 290 Matter Stores 300 Matter Capacity 300 Sight Range 16 Terrain Scan Range 16 Terrain Scan Density 210 Armor Coverage 450 Resistance: EM 15 Propulsion Shielding 33 Phase Shifting 5 Evasion (%) 45 Targeting Accuracy 8 Target Analysis 5 Recoil Reduction 2 Particle Charging 20 Offensive Hacking 10 Defensive Hacking 10 Relay Coupler Types 3 Relay Coupler Value 94 Item Schematics ----------------- Huge Storage Unit | -10/Materials | Hacked Adv. Treads | -8/Materials | Scanalyzed Hrd. Medium Armor Plating | -8/Materials | Scanalyzed Combat Drone Bay | -6/Data Miner | Free Lgt. Regenerative Plating | -6/Data Miner | Free Cld. Nuclear Pulse Thruster | -6/Data Miner | Free Imp. Matter Compressor | -6/Data Miner | Free Enh. Force Rifle | -6/Data Miner | Free Imp. Gyrokinetic Inverter | -6/Data Miner | Free Adv. Cryofiber Web | -6/Data Miner | Free Adv. Datajack | -6/Data Miner | Free Lgt. Antimatter Reactor | -6/Data Miner | Free Lrn. Sensor Array | -6/Data Miner | Free Mic. Antimatter Reactor | -6/Data Miner | Free Robot Schematics ------------------ M-22 Extractor | -6/Data Miner | Free B-48 Gladiator | -6/Data Miner | Free A-15 Conveyor | -6/Data Miner | Free G-50 Soldier | -6/Data Miner | Free Y-64 Sentinel | -6/Data Miner | Free Fabricated ------------ Nothing Alien Tech Used ----------------- None Achievements -------------- Generalissimo Tank Challenges ------------ None Game ------ Seed ArmageddonFireHammer Manual? 0 Play Time 02:00:02 Cumulative 59.4 hours Start 2024.05.04 @ 09:42:38 End 2024.05.04 @ 11:59:09 Sessions 1 Manual Loads 0 Difficulty Rogue Special Mode None Game No. 79 Rogue 79 Adventurer 0 Explorer 0 Win Type - Total 1 Types 1/0/0/0/0/0/0/0/0 Lore% 28 Gallery% 46 Achievement% 35 Wizard Run 0 Options --------- Layout 1 ASCII 0 Keyboard 0 Movement Mouse Keybinds 0 Fullscreen 1 Font 24/Smallcaps Map View 50x35 Zoom Use 0% Tactical HUD 1 Map Filters NONE Filters NONE Steam 1 RUN: 29214df0-8207-4d80-b173-17da215a3383